 Dungeon Crawl Stone Soup version 0.31.0-9-g3a7656b989 (webtiles) character file.

Game seed: 15792637123758988004

45 stipulation the Ruffian (level 3, -1/31 HPs)
             Began as a Ghoul Monk on Jan 25, 2024.
             Slain by a gnoll
             ... wielding a +0 flail
              (5 damage)
             ... on level 3 of the Dungeon.
             The game lasted 00:00:48 (1176 turns).

stipulation the Ruffian (Ghoul Monk)                Turns: 1176, Time: 00:00:49

Health: -1/31      AC:  7    Str: 16    XL:     3   Next: 64%
Magic:  3/3        EV: 11    Int:  9    God:
Gold:   108        SH:  0    Dex: 11    Spells: 2/2 levels left

rFire   . .          .
                       - Unarmed
rCold   + . .        c - orb {light}
rNeg    + + +        h - +0 ring mail
rPois   ∞            (no helmet)
rElec   .            (no cloak)
rCorr   .            k - +1 pair of gloves
SInv    .            (no boots)
Will    .....        (no amulet) Stlth
                     (no ring)
HPRegen 0.00/turn    (no ring)
MPRegen 0.08/turn

%: no passive effects
@: inhibited regen, glowing
A: claws 1, cold resistance 1, negative energy resistance 3, inhibited
regeneration, torment resistance 2, devour on kill
a: no special abilities


You were on level 3 of the Dungeon.
You visited 1 branch of the dungeon, and saw 3 of its levels.

You collected 108 gold pieces.

Inventory:

Armour
 a - a +0 robe
 c - an orb of light (worn)
 h - a +0 ring mail (worn)
 k - a +1 pair of gloves (worn)
Scrolls
 d - 2 scrolls of identify {unknown}
 g - a scroll of fog {unknown}
 i - a scroll of vulnerability {unknown}
 l - a scroll of immolation {unknown}
 m - a scroll of revelation {unknown}
 n - a scroll of enchant weapon {unknown}
 o - a scroll of noise {unknown}
Potions
 b - a potion of ambrosia
 e - a potion of curing {unknown}
 f - a potion of haste {unknown}
 j - a potion of mutation {unknown}


   Skills:
 - Level 3.2 Fighting
 - Level 2.6 Dodging
 + Level 5.0 Unarmed Combat


You had 2 spell levels left.
You didn't know any spells.
Your spell library was empty.

Dungeon Overview and Level Annotations

Branches:
Dungeon (3/15)

Altars:


Innate Abilities, Weirdness & Mutations

You are immune to poison.
You have sharp fingernails.
Your flesh is cold resistant. (rC+)
You are immune to negative energy. (rN+++)
You do not regenerate when monsters are visible.
You are immune to unholy pain and torment.
You thrive by killing the living.


Message History

You hit the gnoll.
The gnoll is almost dead.
The bat hits you but does no damage. The bat misses you.
The bat barely misses you. The bat hits you but does no damage.
The gnoll hits you but does no damage. The gnoll hits you with a +0 whip.
The gnoll barely misses you.
You are too injured to fight recklessly!
You are too injured to fight recklessly!
You are too injured to fight recklessly!
You are too injured to fight recklessly!
You are too injured to fight recklessly!
You are too injured to fight recklessly!
You are too injured to fight recklessly!
You are too injured to fight recklessly!
You are too injured to fight recklessly!
You are too injured to fight recklessly!
You are too injured to fight recklessly!
You are too injured to fight recklessly!
You are too injured to fight recklessly!
You are too injured to fight recklessly!
You are too injured to fight recklessly!
You are too injured to fight recklessly!
You are too injured to fight recklessly!
You hit the gnoll.
The gnoll is lightly wounded.
The bat closely misses you. The gnoll hits you with a +0 flail.
The gnoll hits you from afar with a +0 spear.
The bat closely misses you.
You barely miss the gnoll.
The gnoll is lightly wounded.
The bat hits you but does no damage. x2; The frilled lizard bites you.
The gnoll hits you with a +0 flail!
* * * LOW HITPOINT WARNING * * *
The gnoll barely misses you. The gnoll hits you but does no damage.
You completely miss the gnoll.
The gnoll is almost dead.
The bat hits you.
* * * LOW HITPOINT WARNING * * *
The bat hits you but does no damage. x2; The gnoll hits you with a +0 flail.
You die...

# #.#.#########
#....l@b....#
........gg....#
####....b.g...#
#............
#..........##
####.........
#.#######. #.#


You could see 3 gnolls, 2 bats and a frilled lizard.

Vanquished Creatures
  A dart slug (D:1)
  A ribbon worm (D:2)
  7 bats
  4 endoplasms
  2 giant cockroaches (D:1)
  2 goblins
  3 hobgoblins
  2 quokkas
  A ball python (D:1)
  6 frilled lizards
  6 kobolds
  5 rats (D:2)
40 creatures vanquished.

Notes
Turn   | Place    | Note
-------+----------+-------------------------------------------
     0 | D:1      | stipulation the Ghoul Monk began the quest for the Orb.
     0 | D:1      | Reached XP level 1. HP: 19/19 MP: 1/1
    36 | D:1      | Found a faded altar of an unknown god.
   232 | D:1      | Reached XP level 2. HP: 26/26 MP: 2/2
   307 | D:1      | Reached skill level 4 in Unarmed Combat
   763 | D:2      | Reached XP level 3. HP: 31/31 MP: 3/3
  1046 | D:2      | Reached skill level 5 in Unarmed Combat
  1176 | D:3      | Slain by a gnoll

Illustrated notes

Levels and vault maps discovered:
D:1:      minmay_arrival_shattered_statue, layout_loops_ring, serial_glass,
          glass_columns_a, glass_columns_b, due_unseen_surprise,
          feat_on_display, feat_on_display, shapermc_ecumenical_altar_ellora
D:2:      layout_rooms
D:3:      layout_basic, mainiacjoe_overflow_alcove_2,
          cheibrodos_sewer_entry_sluice, uniq_ijyb

Skill      XL: |  1  2  3 |
---------------+----------+-----
Unarmed Combat | 4 5 |  5.0
Fighting       | |  3.2
Dodging        | |  2.6

Action                     || total
---------------------------++-------
  Melee: Unarmed           ||    80
 Armour: Robe              ||    21
         Ring mail         ||    29
  Dodge: Dodged            ||    44
